AoeStats
← Rieg0 ♛

Arabia

506687181Analyzed
1v1 RM · 17d ago on Sep 14, 2026· 33m 41s· 2 players
Game mode
Random Map
Map size
Tiny (2 player)
Population
200
Speed
Normal
Resources
Standard
Victory
Conquest
Starting age
Dark Age
Ending age
Imperial Age
RankedLock teamsTeams togetherTeam positionsShared explorationLock speedFull tech treeHidden civsTurbo modeCheats
Victory
Defeat
🇪🇸 Maya · Spain
1032
+16
🇪🇸 Maya · Spain
1032
-16
laura.sm
0:25 Loom
9:30 Feudal Age
9:58 Double-Bit Axe
9:57 Horse Collar
13:17 Town Watch
14:14 Fletching
22:52 Castle Age
21:34 Padded Archer Armor
21:29 Gold Mining
23:36 Squires
23:54 Forging
23:54 Eagle Warrior
25:47 Scale Mail Armor
25:13 Elite Skirmisher
31:26 Chain Mail Armor
33:21 Wheelbarrow
33:47 Iron Casting
Rieg0 ♛
9:57 Feudal Age
16:26 Fletching
16:38 Padded Archer Armor
18:54 Double-Bit Axe
23:39 Castle Age
21:48 Horse Collar
23:48 Crossbowman
24:25 Bodkin Arrow
31:47 Bow Saw
31:37 Heavy Plow
32:47 Gold Mining
Connection lost

Rejoining the realm…

Still unreachable

The connection could not be restored.

Session expired

The server has moved on; the page needs a fresh start.